NWL (28 & UNDER)
RED DEER WRANGLERS @ BISMARK BORDER GUARDS
05/12/2030
 
TOP OF THE 1ST
Red Deer Wranglers batting - Pitching for Bismark Border Guards : RHP Michael Morris
Pitching: RHP Michael Morris
Batting: LHB Francisco Blanco 0-0: Ball
1-0: Ball
2-0: SINGLE (Groundball, 25) (infield hit)
Batting: RHB Julián García 0-0: Called Strike
0-1: Called Strike
0-2: Strikes out swinging
Batting: SHB Ramiro Medrano 0-0: Ball
1-0: Called Strike
1-1: Fly out, F8 (Line Drive, 8RM)
Batting: RHB Pedro Cabrera 0-0: Swinging Strike
0-1: Swinging Strike
0-2: Foul Ball, location: 2F
0-2: Ball
1-2: Foul Ball, location: 2F
1-2: Ball
2-2: Fly out, F7 (Flyball, 7LSF)
Top of the 1st over - 0 runs, 1 hit, 0 errors, 1 left on base; Red Deer 0 - Bismark 0
BOTTOM OF THE 1ST
Bismark Border Guards batting - Pitching for Red Deer Wranglers : RHP Luis Costa
Pitching: RHP Luis Costa
Batting: RHB Alfredo Farías 0-0: Hit by Pitch
Batting: RHB Warren Martin 0-0: Ball
1-0: Foul Ball, location: 2F
1-1: Called Strike
1-2: Ground out U3 (Groundball, 34S)
Alfredo Farías to second
Batting: RHB Sergio Solíz 0-0: Ball
Alfredo Farías is caught stealing 3rd base
1-0: Ball
2-0: Called Strike
2-1: Foul Ball, location: 2F
2-2: TRIPLE (Flyball, 9LD)
Batting: LHB Alan Moore 0-0: Fly out, F7 (Flyball, 7)
Bottom of the 1st over - 0 runs, 1 hit, 0 errors, 1 left on base; Red Deer 0 - Bismark 0
TOP OF THE 2ND
Red Deer Wranglers batting - Pitching for Bismark Border Guards : RHP Michael Morris
Batting: LHB Jorge Olvera 0-0: Called Strike
0-1: Ball
1-1: SINGLE (Groundball, 3) (infield hit)
Batting: RHB Ben Fisher 0-0: 2-RUN HOME RUN (Flyball, 9D), Distance : 389 ft
Batting: RHB Xavier López 0-0: Ball
1-0: Called Strike
1-1: Foul Ball, location: 2F
1-2: Ball
2-2: SINGLE (Flyball, 7LS)
Batting: RHB Allen Brown 0-0: Ball
Xavier López steals 2nd base
1-0: Called Strike
1-1: Fly out, F4 (Line Drive, 4)
Batting: RHB Art Cameron 0-0: Called Strike
0-1: Called Strike
0-2: Ball
1-2: Ground out 6-3 (Groundball, 6)
Xavier López to third
Batting: LHB Francisco Blanco 0-0: Swinging Strike
0-1: Ball
1-1: Foul Ball, location: 2F
1-2: Fly out, F8 (Line Drive, 8RD)
Top of the 2nd over - 2 runs, 3 hits, 0 errors, 1 left on base; Red Deer 2 - Bismark 0
BOTTOM OF THE 2ND
Bismark Border Guards batting - Pitching for Red Deer Wranglers : RHP Luis Costa
Batting: RHB Leonard Harris 0-0: Foul Ball, location: 2F
0-1: Ball
1-1: Ball
2-1: Swinging Strike
2-2: Ground out 1-3 (Groundball, 15)
Batting: SHB Richard Griffin 0-0: Fly out, F8 (Line Drive, 8RD)
Batting: RHB Danny Spode 0-0: Foul Ball, location: 2F
0-1: DOUBLE (Line Drive, 78M)
Batting: LHB Kelsey Scott 0-0: Fly out, F9 (Flyball, 89M)
Bottom of the 2nd over - 0 runs, 1 hit, 0 errors, 1 left on base; Red Deer 2 - Bismark 0
TOP OF THE 3RD
Red Deer Wranglers batting - Pitching for Bismark Border Guards : RHP Michael Morris
Batting: RHB Julián García 0-0: Swinging Strike
0-1: Fly out, F2 (Popup, 13S)
Batting: SHB Ramiro Medrano 0-0: Hit by Pitch
Batting: RHB Pedro Cabrera 0-0: Ball
1-0: Foul Ball, location: 2F
1-1: SINGLE (Groundball, 56D)
Ramiro Medrano to second
Batting: LHB Jorge Olvera 0-0: Ball
1-0: Fly out, F7 (Flyball, 7LS)
Batting: RHB Ben Fisher 0-0: Ball
1-0: Foul Ball, location: 2F
1-1: 3-RUN HOME RUN (Flyball, 7LD), Distance : 362 ft
Batting: RHB Xavier López 0-0: Ball
1-0: Foul Ball, location: 2F
1-1: Ball
2-1: Ball
3-1: SINGLE (Flyball, 78S)
Batting: RHB Allen Brown 0-0: Foul Ball, location: 2F
0-1: Swinging Strike
0-2: Fielders Choice at 2nd, 6-4 (Groundball, 6)
Top of the 3rd over - 3 runs, 3 hits, 0 errors, 1 left on base; Red Deer 5 - Bismark 0
BOTTOM OF THE 3RD
Bismark Border Guards batting - Pitching for Red Deer Wranglers : RHP Luis Costa
Batting: RHB Rodrigo García 0-0: Ball
1-0: Ball
2-0: Ball
3-0: Base on Balls
Batting: RHB Alfredo Farías 0-0: Ball
1-0: Foul Ball, location: 2F
1-1: Ball
2-1: Ball
3-1: Ground out U3 (Groundball, 34S)
Rodrigo García to second
Batting: RHB Warren Martin 0-0: Called Strike
0-1: Foul Ball, location: 2F
0-2: Ball
1-2: Foul Ball, location: 2F
1-2: Foul Ball, location: 2F
1-2: SINGLE (Line Drive, 89S)
Rodrigo García to third
Batting: RHB Sergio Solíz 0-0: Ball
1-0: Called Strike
1-1: Ground out 5-3 (Groundball, 56S)
Rodrigo García scores
Warren Martin to second
Batting: LHB Alan Moore 0-0: Foul Ball, location: 2F
0-1: Fly out, F9 (Flyball, 9S)
Bottom of the 3rd over - 1 run, 1 hit, 0 errors, 1 left on base; Red Deer 5 - Bismark 1
TOP OF THE 4TH
Red Deer Wranglers batting - Pitching for Bismark Border Guards : RHP Michael Morris
Batting: RHB Art Cameron 0-0: Swinging Strike
0-1: Foul Ball, location: 2F
0-2: Strikes out swinging
Batting: LHB Francisco Blanco 0-0: Ball
1-0: Foul Ball, location: 2F
1-1: Ball
2-1: Foul Ball, location: 2F
2-2: Ball
3-2: Base on Balls
Batting: RHB Julián García 0-0: Swinging Strike
0-1: Ball
1-1: Fielders Choice at 2nd, 4-6 (Groundball, 4)
Batting: SHB Ramiro Medrano 0-0: Ball
1-0: Foul Ball, location: 2F
1-1: Ball
2-1: Foul Ball, location: 2F
2-2: Strikes out swinging
Top of the 4th over - 0 runs, 0 hits, 0 errors, 1 left on base; Red Deer 5 - Bismark 1
BOTTOM OF THE 4TH
Bismark Border Guards batting - Pitching for Red Deer Wranglers : RHP Luis Costa
Batting: RHB Leonard Harris 0-0: Foul Ball, location: 2F
0-1: Ball
1-1: Swinging Strike
1-2: Ball
2-2: Ball
3-2: Base on Balls
Batting: SHB Richard Griffin 0-0: Foul Ball, location: 2F
0-1: Ball
1-1: Ball
2-1: Swinging Strike
2-2: 2-RUN HOME RUN (Flyball, 9LD), Distance : 359 ft
Batting: RHB Danny Spode 0-0: DOUBLE (Line Drive, 7LS)
Batting: LHB Kelsey Scott 0-0: Called Strike
0-1: Swinging Strike
0-2: Strikes out looking
Batting: RHB Rodrigo García 0-0: Ball
1-0: Ball
2-0: Foul Ball, location: 2F
2-1: SINGLE (Line Drive, 8LS)
Danny Spode to third
Batting: RHB Alfredo Farías 0-0: Called Strike
0-1: Foul Ball, location: 2F
0-2: Ball
1-2: Strikes out swinging
Batting: RHB Warren Martin 0-0: Ball
1-0: Fly out, F9 (Flyball, 9S)
Bottom of the 4th over - 2 runs, 3 hits, 0 errors, 2 left on base; Red Deer 5 - Bismark 3
TOP OF THE 5TH
Red Deer Wranglers batting - Pitching for Bismark Border Guards : RHP Michael Morris
Batting: RHB Pedro Cabrera 0-0: Ball
1-0: Called Strike
1-1: Ball
2-1: Foul Ball, location: 2F
2-2: SINGLE (Popup, 6D)
Batting: LHB Jorge Olvera 0-0: Ball
Pedro Cabrera is caught stealing 2nd base
1-0: Foul Ball, location: 2F
1-1: Foul Ball, location: 2F
1-2: Reached on error, E5 (Groundball, 5L)
Batting: RHB Ben Fisher 0-0: Ball
1-0: Ground out 3-1 (Groundball, 34S)
Jorge Olvera to third
Batting: RHB Xavier López 0-0: Ball
1-0: Ground out 6-3 (Groundball, 6)
Top of the 5th over - 0 runs, 1 hit, 1 error, 1 left on base; Red Deer 5 - Bismark 3
BOTTOM OF THE 5TH
Bismark Border Guards batting - Pitching for Red Deer Wranglers : RHP Luis Costa
Batting: RHB Sergio Solíz 0-0: Called Strike
0-1: Called Strike
0-2: Ball
1-2: Ball
2-2: Foul Ball, location: 2F
2-2: Strikes out swinging
Batting: LHB Alan Moore 0-0: Foul Ball, location: 2F
0-1: Ball
1-1: Foul Ball, location: 2F
1-2: Strikes out looking
Batting: RHB Leonard Harris 0-0: Foul Ball, location: 2F
0-1: Swinging Strike
0-2: Foul Ball, location: 2F
0-2: Strikes out swinging
Bottom of the 5th over - 0 runs, 0 hits, 0 errors, 0 left on base; Red Deer 5 - Bismark 3
TOP OF THE 6TH
Red Deer Wranglers batting - Pitching for Bismark Border Guards : RHP Michael Morris
Pitching: LHP Vicente Mojica
Batting: RHB Allen Brown 0-0: Fly out, F9 (Flyball, 9LSF)
Batting: RHB Art Cameron 0-0: Called Strike
0-1: Ball
1-1: Foul Ball, location: 2F
1-2: Strikes out looking
Batting: LHB Francisco Blanco 0-0: Ball
1-0: Fly out, F7 (Line Drive, 7)
Top of the 6th over - 0 runs, 0 hits, 0 errors, 0 left on base; Red Deer 5 - Bismark 3
BOTTOM OF THE 6TH
Bismark Border Guards batting - Pitching for Red Deer Wranglers : RHP Luis Costa
Batting: SHB Richard Griffin 0-0: SINGLE (Line Drive, 4MD)
Batting: RHB Danny Spode 0-0: Swinging Strike
0-1: Ball
1-1: Ball
2-1: Swinging Strike
2-2: Strikes out swinging
Batting: LHB Kelsey Scott 0-0: Ball
1-0: Foul Ball, location: 2F
1-1: Foul Ball, location: 2F
1-2: Strikes out swinging
Batting: RHB Rodrigo García 0-0: Swinging Strike
0-1: Swinging Strike
0-2: Foul Ball, location: 2F
0-2: Strikes out swinging
Bottom of the 6th over - 0 runs, 1 hit, 0 errors, 1 left on base; Red Deer 5 - Bismark 3
TOP OF THE 7TH
Red Deer Wranglers batting - Pitching for Bismark Border Guards : LHP Vicente Mojica
Batting: RHB Julián García 0-0: Ball
1-0: Called Strike
1-1: Ball
2-1: Foul Ball, location: 2F
2-2: Ball
3-2: Base on Balls
Batting: SHB Ramiro Medrano 0-0: Ball
1-0: Ball
2-0: Ball
3-0: Base on Balls
Julián García to second
Batting: RHB Pedro Cabrera 0-0: Called Strike
0-1: Called Strike
0-2: Strikes out looking
Pinch Hitting: RHB Steve Burton 0-0: Ball
1-0: Ball
2-0: Ball
3-0: Called Strike
3-1: Called Strike
3-2: Foul Ball, location: 2F
3-2: Strikes out looking
Batting: RHB Ben Fisher 0-0: Called Strike
0-1: Ball
1-1: Ball
2-1: Ball
3-1: Base on Balls
Julián García to third
Ramiro Medrano to second
Batting: RHB Xavier López 0-0: Ball
1-0: Ball
2-0: Ball
3-0: Called Strike
3-1: Base on Balls
Julián García scores
Ramiro Medrano to third
Ben Fisher to second
Batting: RHB Allen Brown 0-0: Fly out, F4 (Popup, 23)
Top of the 7th over - 1 run, 0 hits, 0 errors, 3 left on base; Red Deer 6 - Bismark 3
BOTTOM OF THE 7TH
Bismark Border Guards batting - Pitching for Red Deer Wranglers : RHP Luis Costa
Now in CF: Robbie Rhodes
Batting: RHB Alfredo Farías 0-0: Foul Ball, location: 2F
0-1: Ball
1-1: Ball
2-1: Fly out, F9 (Line Drive, 9S)
Batting: RHB Warren Martin 0-0: Called Strike
0-1: SINGLE (Flyball, 89M)
Batting: RHB Sergio Solíz 0-0: Ball
1-0: Called Strike
1-1: Ball
2-1: Foul Ball, location: 2F
2-2: Foul Ball, location: 2F
2-2: Fly out, F4 (Popup, 4MD)
Batting: LHB Alan Moore 0-0: Ball
1-0: 2-RUN HOME RUN (Flyball, 7LD), Distance : 349 ft
Pitching: RHP Pat Hardy
Batting: RHB Leonard Harris 0-0: Ball
1-0: Called Strike
1-1: SOLO HOME RUN (Flyball, 7D), Distance : 369 ft
Batting: SHB Richard Griffin 0-0: Ball
1-0: Ball
2-0: Called Strike
2-1: Foul Ball, location: 2F
2-2: Ball
3-2: Base on Balls
Batting: RHB Danny Spode 0-0: Called Strike
Richard Griffin steals 2nd base
0-1: SINGLE (Groundball, 56D)
Richard Griffin to third
Runner from 3rd tries for Home, SAFE, throw made home
Pitching: LHP Macy Catron
Pinch Hitting: RHB Vincent Braun 0-0: Ball
1-0: Called Strike
1-1: Ball
2-1: Ball
3-1: Foul Ball, location: 2F
3-2: Base on Balls
Danny Spode to second
Batting: RHB Rodrigo García 0-0: Ball
1-0: Swinging Strike
1-1: Called Strike
1-2: SINGLE (Groundball, 6MD)
Danny Spode to third
Vincent Braun to second
Runner from 3rd tries for Home, SAFE, no throw
Batting: RHB Alfredo Farías 0-0: Swinging Strike
0-1: Called Strike
0-2: Foul Ball, location: 2F
0-2: Ball
1-2: Foul Ball, location: 2F
1-2: Ball
2-2: Fly out, F8 (Flyball, 8RS)
Bottom of the 7th over - 5 runs, 5 hits, 0 errors, 2 left on base; Red Deer 6 - Bismark 8
TOP OF THE 8TH
Red Deer Wranglers batting - Pitching for Bismark Border Guards : LHP Vicente Mojica
Now at SS: Manuel Pérez
Batting: RHB Art Cameron 0-0: Ball
1-0: SINGLE (Line Drive, 89S)
Batting: LHB Francisco Blanco 0-0: Ball
1-0: Called Strike
1-1: Foul Ball, location: 2F
1-2: Fielders Choice at 2nd, 6-4 (Groundball, 6)
Batting: RHB Julián García 0-0: Ball
1-0: Ball
2-0: Fly out, F5 (Popup, 56S)
Batting: SHB Ramiro Medrano 0-0: Ball
1-0: Foul Ball, location: 2F
1-1: Ball
2-1: Fielders Choice at 2nd, 6-4 (Groundball, 6)
Top of the 8th over - 0 runs, 1 hit, 0 errors, 1 left on base; Red Deer 6 - Bismark 8
BOTTOM OF THE 8TH
Bismark Border Guards batting - Pitching for Red Deer Wranglers : LHP Macy Catron
Batting: RHB Warren Martin 0-0: Foul Ball, location: 2F
0-1: Ball
1-1: Ball
2-1: Ball
3-1: Fly out, F9 (Flyball, 89S)
Batting: RHB Sergio Solíz 0-0: Ball
1-0: Fly out, F3 (Line Drive, 34)
Batting: LHB Alan Moore 0-0: Reached on error, E3 (Groundball, 34)
Batting: RHB Leonard Harris 0-0: Ball
1-0: Ball
2-0: Fielders Choice at 2nd, 5-4 (Groundball, 56)
Bottom of the 8th over - 0 runs, 0 hits, 1 error, 1 left on base; Red Deer 6 - Bismark 8
TOP OF THE 9TH
Red Deer Wranglers batting - Pitching for Bismark Border Guards : LHP Vicente Mojica
Pitching: RHP César Rodríguez
Now at 1B: António Martínez
Now in LF: Oliver Sánchez
Batting: RHB Pedro Cabrera 0-0: Fly out, F9 (Flyball, 9LS)
Batting: SHB Robbie Rhodes 0-0: Foul Ball, location: 2F
0-1: Ball
1-1: Ground out 5-3 (Groundball, 56)
Batting: RHB Ben Fisher 0-0: Ball
1-0: Ball
2-0: Ball
3-0: Called Strike
3-1: Base on Balls
Batting: RHB Xavier López 0-0: Swinging Strike
0-1: Ball
1-1: Called Strike
1-2: Ball
2-2: Strikes out looking
Top of the 9th over - 0 runs, 0 hits, 0 errors, 1 left on base; Red Deer 6 - Bismark 8
Saturday, April 7th, 2018 - OOTP Baseball 18.8 Build 76